 Dungeon Crawl Stone Soup version 0.27.0-1-g7a089689b8 (webtiles) character file.

Game seed: 9557540506581345702

86139 Majang the Nimble (level 16, -11/121 HPs)
             Began as a Djinni Ice Elementalist on Aug 5, 2021.
             Was the Champion of Makhleb.
             Shot with a bolt by a yaktaur captain (25 damage)
             ... on level 12 of the Dungeon.
             The game lasted 02:25:29 (29368 turns).

Majang the Nimble (Djinni Ice Elementalist)        Turns: 29368, Time: 02:25:30

Health: -11/121    AC: 11    Str:  7    XL:     16   Next: 33%
Gold:   493        EV: 23    Int: 29    God:    Makhleb [******] SH:  6 Dex: 22

rFire    + . .     SeeInvis .   n - +3 flail (venom)
rCold    . . .     Faith    .   b - +0 buckler
rNeg     . . .     Spirit   .   u - +4 robe of Inikk {rElec Dex+7}
rPois    ∞         Reflect  .   i - +2 hat
rElec    +         Harm     .   z - +1 cloak
rCorr    .         Rampage  .   g - +0 pair of gloves
Will     +....                  (boots unavailable)
Stlth    ++........             y - amulet of the acrobat
HPRegen  0.30/turn              M - +6 ring of intelligence
MPRegen  0.00/turn              s - ring of ice

@: flying, very slightly contaminated, studying 2 skills
A: sickness immunity, fire resistance 2, cold vulnerability 1, float, innate
caster, hp casting, extra vitality 1
a: Renounce Religion, Minor Destruction, Lesser Servant of Makhleb, Major
Destruction, Greater Servant of Makhleb


You were on level 12 of the Dungeon.
You worshipped Makhleb.
Makhleb was exalted by your worship.
You visited 4 branches of the dungeon, and saw 21 of its levels.

You collected 2074 gold pieces.
You spent 1581 gold pieces at shops.

Inventory:

Hand Weapons
 n - a +3 flail of venom (weapon)
 x - a +2 long sword of flaming
Armour
 b - a +0 buckler (worn)
 g - a +0 pair of gloves (worn)
 i - a +2 hat (worn)
 u - the +4 robe of Inikk (worn) {rElec Dex+7}
   (You found it on level 8 of the Dungeon)

   Dex:       It affects your dexterity (+7).
   rElec:     It insulates you from electricity.
 z - a +1 cloak (worn)
 J - the +1 cloak of the Saviour {Drain Fly rF++ rCorr}
   (You found it on level 1 of the Lair of Beasts)

   rF:        It greatly protects you from fire.
   Fly:       It grants you flight.
   rCorr:     It protects you from acid and corrosion.
   Drain:     It drains your maximum health when unequipped.
 O - a +2 robe of willpower
Jewellery
 p - a ring of protection from cold
 s - a ring of ice (right hand)
 y - an amulet of the acrobat (around neck)
 C - an amulet of reflection
 E - a ring of willpower
 F - a ring of fire
 L - a ring of see invisible
 M - a +6 ring of intelligence (left hand)
Wands
 a - a wand of iceblast (15)
 r - a wand of acid (7)
 t - a wand of digging (10)
 I - a wand of flame (81)
Scrolls
 e - 4 scrolls of immolation
 h - 8 scrolls of teleportation
 m - a scroll of fog
 w - 3 scrolls of blinking
 B - 2 scrolls of magic mapping
 H - 2 scrolls of identify
Potions
 c - a potion of cancellation {unknown}
 d - 11 potions of curing
 f - 2 potions of brilliance
 k - 3 potions of resistance
 l - 6 potions of might
 o - 6 potions of mutation
 q - 6 potions of heal wounds
 v - 4 potions of ambrosia
 D - 2 potions of haste
 G - 2 potions of invisibility
Miscellaneous
 A - a box of beasts
 K - a lightning rod (4/4)


   Skills:
 * Level 13.3 Fighting
 + Level 7.9 Maces & Flails
 - Level 0.1(5.3) Staves
 - Level 4.0 Armour
 + Level 14.1 Dodging
 - Level 1.5 Stealth
 - Level 4.0 Shields
 * Level 11.7 Spellcasting
 + Level 9.5 Invocations
 + Level 11.8 Evocations


You had one spell level left.
You knew the following spells:

 Your Spells              Type           Power      Damage    Failure   Level
a - Ozocubu's Armour      Ice            91%        N/A       1%          3
b - Summon Ice Beast      Ice/Summ       91%        N/A       1%          4
f - Fireball              Conj/Fire      35%        3d15      1%          5
h - Hailstorm             Conj/Ice       91%        3d18      1%          4
l - Lee's Rapid Deconstr  Erth           35%        3d19*     1%          5
m - Mephitic Cloud        Conj/Pois/Air  71%        N/A       1%          3
r - Frozen Ramparts       Ice            100%       1d12      1%          3
z - Shock                 Conj/Air       100%       1d9       1%          1
L - Conjure Ball Lightni  Conj/Air       35%        3x3d11    3%          6
X - Corpse Rot            Necr/Air       N/A        N/A       1%          2
Z - Freeze                Ice            100%       1d11      1%          1
Your spell library was empty.

Dungeon Overview and Level Annotations

Branches:
Dungeon (12/15)            Temple (1/1) D:4            Lair (6/6) D:9
 Shoals (0/4) Lair:2        Snake (0/4) Lair:4        Slime (0/5) Lair:6
    Orc (2/2) D:11            Elf (0/3) Orc:2

Altars:
Ashenzari
Cheibriados
Dithmenos
Elyvilon
Fedhas
Gozag
Hepliaklqana
Kikubaaqudgha
Makhleb
Nemelex Xobeh
Okawaru
Qazlal
Ru
Sif Muna
Trog
Uskayaw
Vehumet
Wu Jian
Xom
Yredelemnul
Zin
The Shining One
Beogh

Shops:
D:2 =   D:3 =   Orc:2 **!(


Innate Abilities, Weirdness & Mutations

You are immune to sickness and miasma.
You are immune to poison.
Your flesh is very heat resistant. (rF++)
You are vulnerable to cold. (rC-)
You float through the air rather than walking.
You learn spells naturally, not from books.
Your magical power is your life essence.
You have superior vitality. (+4 HP)


Message History

There is a dry fountain here.
Casting: Fireball (mildly dangerous; 1% risk of failure)
Confirm with . or Enter, or press ? or * to list all spells.
Aiming: Lee's Rapid Deconstruction (mildly dangerous; 1% risk of failure)
Press: ? - help, Dir - move target A metal wall.
The metal wall shatters!
The blast of metal fragments hits the yaktaur captain!!
The yaktaur captain is moderately wounded.
The blast of metal fragments hits the slime creature!!
The slime creature is heavily wounded.
The blast of metal fragments hits the skeletal warrior!
The skeletal warrior is moderately damaged.
The yaktaur captain shoots a bolt.
The bolt hits you!
Casting: Lee's Rapid Deconstruction (mildly dangerous; 1% risk of failure)
Confirm with . or Enter, or press ? or * to list all spells.
Aiming: Lee's Rapid Deconstruction (mildly dangerous; 1% risk of failure)
Press: ? - help, Dir - move target A metal wall.
The metal wall shatters!
The blast of metal fragments hits the yaktaur captain!!!
The yaktaur captain is almost dead.
The blast of metal fragments hits the slime creature!!!
You kill the slime creature!
Makhleb accepts your kill.
The blast of metal fragments hits the skeletal warrior.
The skeletal warrior is moderately damaged.
The yaktaur captain shoots a bolt.
The bolt hits you!!
* * * LOW HITPOINT WARNING * * *
Casting: Lee's Rapid Deconstruction (mildly dangerous; 1% risk of failure)
Confirm with . or Enter, or press ? or * to list all spells.
Aiming: Lee's Rapid Deconstruction (mildly dangerous; 1% risk of failure)
Press: ? - help, Dir - move target A metal wall.
You miscast Lee's Rapid Deconstruction.
You are very lightly contaminated with residual magic.
Nothing appears to happen.
* * * LOW HITPOINT WARNING * * *
The yaktaur captain shoots a bolt.
The bolt hits you!!
You die...

###########
##)###.## ### ##
##..#.#).## .#
##..##.##..##
.#####
#.).#...#...#
.....#
##..##...##..##
.....#
#.####.z.####.#
.....# #.#
###c### #.#
.....# ###.#
#.....# #.#
.....###[#.#
#..@..# #.#
.....#..(#.#
#.....# #.#
.......###.#
#.....# #.#
.....### #.#
#..⌠..# #.#
#.####
#.###.....###.#
#.#
###.####)####.###
#.#
#.##.###.###.##.#
#(#
#..##.##.##.##..#
#^#
#...##.#'#.##...#


You could see a yaktaur captain and a skeletal warrior.

Vanquished Creatures
  An orc warlord (Orc:1)
  A fire dragon (Lair:6)
  An ice dragon (Lair:6)
  11 hydras
  Harold (Orc:1)
  4 ogre magi (Orc:2)
  2 boulder beetles
  21 two-headed ogres
  9 death yaks (Lair:6)
  An orc high priest (Orc:2)
  A fire crab (Lair:6)
  A swamp dragon (Lair:6)
  3 lindwurms (Lair:6)
  An orc sorcerer (Orc:2)
  An ugly thing (D:12)
  An orc knight (Orc:1)
  2 manticores (D:12)
  2 cyclopes
  3 black mambas
  17 elephants
  6 torpor snails
  A gargoyle (D:11)
  9 cane toads
  An unseen horror (D:11)
  Maggie (D:8)
  4 rime drakes (Lair:6)
  11 komodo dragons
  3 kobold demonologists
  A merfolk (Lair:2)
  3 tyrant leeches (Lair:6)
  5 trolls
  3 polar bears
  6 hornets (Lair:6)
  3 slime creatures (D:12)
  7 blink frogs
  5 dream sheep (Lair:5)
  5 wyverns
  2 shadows
  53 yaks
  6 wraiths
  5 basilisks
  3 steam dragons
  3 vampire mosquitoes (D:10)
  3 wargs
  3 nagas (Lair:4)
  9 water moccasins
  2 acid dragons (Lair:6)
  3 swamp drakes
  14 orc warriors
  2 hornet zombies
  A sky beast (D:5)
  3 black bears
  19 wolves
  30 ogres
  8 centaurs
  4 kobold brigands (D:12)
  8 bullfrogs
  2 gnoll sergeants
  3 scorpions
  4 jellies
  4 howler monkeys
  A bullfrog zombie (D:6)
  2 centaur zombies (D:7)
  2 hounds
  A centaur skeleton (D:6)
  2 gnoll shamans
  19 orc priests
  A bullfrog skeleton (D:7)
  A scorpion zombie (D:5)
  10 iguanas
  18 orc wizards
  A killer bee zombie (D:9)
  3 hound skeletons (D:4)
  17 gnolls
  A howler monkey zombie (D:9)
  5 adders
  2 shadow imps
  A white imp (D:5)
  An ufetubus (D:6)
  2 worms
  3 dart slugs
  71 orcs
  13 endoplasms
  9 giant cockroaches
  7 hobgoblins
  4 jackals (D:1)
  5 quokkas
  4 ball pythons
  5 bats
  A frilled lizard (D:1)
  5 goblins
  10 kobolds
  10 rats
589 creatures vanquished.

Vanquished Creatures (collateral kills)
  2 elephants (Lair:5)
  A cane toad (Lair:5)
3 creatures vanquished.

Vanquished Creatures (others)
  A cane toad (Lair:6)
  19 ball lightnings (Orc:2)
  52 fungi
  70 plants
142 creatures vanquished.

Grand Total: 734 creatures vanquished

Notes
Turn   | Place    | Note
-------+----------+-------------------------------------------
     0 | D:1      | Majang the Djinni Ice Elementalist began the quest for the
                  | Orb.
     0 | D:1      | Reached XP level 1. HP: 15/15 MP: 0/0
     1 | D:1      | Found a runed translucent door.
   242 | D:1      | Reached XP level 2. HP: 19/21 MP: 0/0
   734 | D:1      | Reached XP level 3. HP: 23/25 MP: 0/0
   734 | D:1      | Learned a level 1 spell: Shock
  1212 | D:1      | Reached XP level 4. HP: 12/31 MP: 0/0
  1430 | D:2      | Noticed a black bear
  1437 | D:2      | Killed a black bear
  1438 | D:2      | Reached skill level 5 in Spellcasting
  1438 | D:2      | Reached XP level 5. HP: 13/35 MP: 0/0
  1438 | D:2      | Learned a level 2 spell: Corpse Rot
  2465 | D:2      | Found Wihaecea's Jewellery Shop.
  2875 | D:3      | Found Ticrasat's Jewellery Shoppe.
  2994 | D:3      | Reached XP level 6. HP: 37/40 MP: 0/0
  4074 | D:4      | Reached skill level 1 in Fighting
  4538 | D:4      | Found a staircase to the Ecumenical Temple.
  4548 | Temple   | Entered the Ecumenical Temple
  4569 | Temple   | Became a worshipper of Makhleb the Destroyer
  4868 | D:4      | Reached XP level 7. HP: 43/49 MP: 0/0
  4868 | D:4      | Learned a level 3 spell: Mephitic Cloud
  5356 | D:5      | Entered Level 5 of the Dungeon
  5388 | D:5      | Reached skill level 3 in Dodging
  5390 | D:5      | Reached skill level 1 in Invocations
  5390 | D:5      | Reached skill level 1 in Evocations
  5586 | D:5      | Reached skill level 1 in Maces & Flails
  5806 | D:5      | Reached XP level 8. HP: 44/56 MP: 0/0
  6958 | D:6      | Reached * piety under Makhleb
  7116 | D:6      | Reached skill level 4 in Dodging
  7572 | D:6      | Reached XP level 9. HP: 46/63 MP: 0/0
  7572 | D:6      | Learned a level 4 spell: Summon Ice Beast
  7922 | D:7      | Identified a scroll of acquirement
  7922 | D:7      | Acquired a manual of Dodging
  8098 | D:7      | Reached skill level 1 in Armour
  8219 | D:7      | Reached skill level 5 in Fighting
  8638 | D:7      | Reached skill level 5 in Dodging
  8641 | D:7      | Reached XP level 10. HP: 66/72 MP: 0/0
  8844 | D:7      | Found a sacrificial altar of Ru.
  8891 | D:8      | Reached skill level 6 in Dodging
  8940 | D:7      | Reached ** piety under Makhleb
  9408 | D:8      | Identified the +4 robe of Inikk {rElec Dex+7}
  9511 | D:8      | Noticed Maggie
  9517 | D:8      | Killed Maggie
  9722 | D:8      | Noticed a two-headed ogre
  9731 | D:8      | Killed a two-headed ogre
  9732 | D:8      | Reached skill level 7 in Dodging
 10792 | D:9      | Reached XP level 11. HP: 75/79 MP: 0/0
 10792 | D:9      | Learned a level 5 spell: Lee's Rapid Deconstruction
 10958 | D:9      | Found a staircase to the Lair.
 11288 | D:10     | Entered Level 10 of the Dungeon
 12064 | D:10     | Reached skill level 5 in Evocations
 12065 | D:10     | Reached skill level 5 in Invocations
 12066 | D:10     | Reached skill level 8 in Dodging
 12415 | Lair:1   | Entered Level 1 of the Lair of Beasts
 12419 | Lair:1   | Identified the +1 cloak of the Saviour {Drain Fly rF++
                  | rCorr}
 12495 | Lair:1   | Noticed a six-headed hydra
 12499 | Lair:1   | Killed a six-headed hydra
 12675 | Lair:1   | Reached *** piety under Makhleb
 12684 | Lair:1   | Noticed a seven-headed hydra
 12689 | Lair:1   | Killed a seven-headed hydra
 12906 | Lair:1   | Noticed a seven-headed hydra
 12970 | Lair:1   | Killed a seven-headed hydra
 12971 | Lair:1   | Reached skill level 9 in Dodging
 12971 | Lair:1   | Reached XP level 12. HP: 57/88 MP: 0/0
 14101 | Lair:1   | Acquired a manual of Evocations
 14173 | Lair:2   | Noticed a boulder beetle
 14183 | Lair:2   | Killed a boulder beetle
 14209 | Lair:2   | Reached skill level 5 in Maces & Flails
 14845 | Lair:2   | Found a staircase to the Shoals.
 14918 | Lair:2   | Reached skill level 10 in Dodging
 15011 | Lair:2   | Reached **** piety under Makhleb
 15753 | Lair:3   | Found a runed translucent door.
 16172 | Lair:3   | Reached XP level 13. HP: 88/96 MP: 0/0
 16172 | Lair:3   | Learned a level 5 spell: Fireball
 16320 | Lair:3   | Reached skill level 10 in Fighting
 16361 | Lair:3   | Noticed a seven-headed hydra
 16367 | Lair:3   | Killed a seven-headed hydra
 16918 | Lair:4   | Reached skill level 11 in Dodging
 17461 | Lair:4   | Noticed a six-headed hydra
 17469 | Lair:4   | Killed a six-headed hydra
 17595 | Lair:4   | Found a staircase to the Snake Pit.
 18246 | Lair:5   | Reached skill level 10 in Spellcasting
 18496 | Lair:5   | Noticed a five-headed hydra
 18511 | Lair:5   | Killed a five-headed hydra
 18560 | Lair:5   | Reached ***** piety under Makhleb
 18684 | Lair:5   | Noticed a four-headed hydra
 18688 | Lair:5   | Killed a four-headed hydra
 18689 | Lair:5   | Reached XP level 14. HP: 87/105 MP: 0/0
 19767 | Lair:6   | Entered Level 6 of the Lair of Beasts
 20061 | Lair:6   | Reached skill level 1 in Shields
 20407 | Lair:6   | Reached skill level 12 in Dodging
 21442 | Lair:6   | Found a runed translucent door.
 21690 | Lair:6   | Reached skill level 10 in Evocations
 22075 | Lair:6   | Found a staircase to the Slime Pits.
 22819 | Lair:6   | Reached XP level 15. HP: 96/112 MP: 0/0
 22819 | Lair:6   | Learned a level 6 spell: Conjure Ball Lightning
 23880 | D:2      | Bought a +6 ring of intelligence for 819 gold pieces
 24306 | D:11     | Found a staircase to the Orcish Mines.
 24416 | D:11     | Reached skill level 13 in Dodging
 25289 | Orc:1    | Entered Level 1 of the Orcish Mines
 25587 | Orc:1    | Noticed an orc warlord
 25600 | Orc:1    | Killed an orc warlord
 25626 | Orc:1    | Noticed Harold
 25661 | Orc:1    | Killed Harold
 26156 | Orc:1    | Reached ****** piety under Makhleb
 26290 | Orc:2    | Entered Level 2 of the Orcish Mines
 26393 | Orc:2    | Found a staircase to the Elven Halls.
 26658 | Orc:2    | Paralysed by an orc sorcerer for 5 turns
 27267 | Orc:2    | Reached XP level 16. HP: 98/121 MP: 0/0
 27536 | Orc:2    | Found Celur's Assorted Antiques.
 27536 | Orc:2    | Found Xega's Distillery.
 27537 | Orc:2    | Found Boniud's Assorted Antiques.
 27537 | Orc:2    | Found Heluj's Weapon Emporium.
 27548 | Orc:2    | Bought a scroll labelled MIATWOECRE for 35 gold pieces
 27548 | Orc:2    | Bought a scroll of identify for 70 gold pieces
 27548 | Orc:2    | Bought a runed robe for 129 gold pieces
 27549 | Orc:2    | Bought a potion of heal wounds for 75 gold pieces
 27549 | Orc:2    | Bought a potion of heal wounds for 75 gold pieces
 27549 | Orc:2    | Bought a potion of heal wounds for 75 gold pieces
 27713 | Orc:2    | Bought a potion of brilliance for 60 gold pieces
 27713 | Orc:2    | Bought a potion of curing for 45 gold pieces
 27713 | Orc:2    | Bought a potion of curing for 45 gold pieces
 27715 | Orc:2    | Bought a scroll labelled SOPPIN ODGHIA for 26 gold pieces
 27715 | Orc:2    | Bought a silvery potion for 23 gold pieces
 27715 | Orc:2    | Bought a potion of curing for 78 gold pieces
 27715 | Orc:2    | Bought a wand of flame (20) for 26 gold pieces
 28322 | D:12     | Found a runed translucent door.
 28632 | D:12     | Reached skill level 14 in Dodging
 29368 | D:12     | Shot with a bolt by a yaktaur captain

Illustrated notes

Levels and vault maps discovered:
D:1:      dpeg_arrival_caged_fury, layout_loops_ring, minmay_crystal_room,
          minmay_unequal
D:2:      layout_loops_ring, serial_shops, nicolae_lakefront_shop, moated_statue
D:3:      layout_loops_corners, serial_shops, shop, kennysheep_generic_room_13
D:4:      layout_loops_corners, minmay_temple_entry_junction,
          corexii_leaking_fountain, dk_vineyard_1, feat_on_display
D:5:      layout_rooms
D:6:      layout_gridville, hex_large
D:7:      layout_cave_pools, hangedman_ru_absence, minmay_misc_feat_roman
D:8:      layout_basic, uniq_maggie
D:9:      layout_big_octagon, dpeg_oklobed_lair
D:10:     layout_small_grid
D:11:     layout_roguey, erik_orc_1
D:12:     layout_roguey, wad_hexagon
Temple:   nicolae_temple_the_god_donut
Lair:1:   layout_chaotic_city, lemuel_fruit_tree
Lair:2:   layout_long_grid, elwin_shoals_entry_rooms, grunt_megastairs_5
Lair:3:   layout_regular_city, pf_torpor_hydra
Lair:4:   layout_regular_city, minmay_snake_entry_guardpost_small,
          infiniplex_staircase_pool
Lair:5:   layout_layer_cave
Lair:6:   wormcave, layout_gridlike, guppyfry_lair_end_dragon,
          nicolae_slime_entry_slimehenge, lemuel_fruit_fields
Orc:1:    layout_diamond_mine, minmay_orc_barracks, uniq_harold
Orc:2:    st_orc_ogre_mass, layout_diamond_mine, basic_altar,
          david_defended_altar_orc

Skill      XL: |  1  2  3  4  5  6  7  8  9 10 11 12 13 14 15 16 |
---------------+-------------------------------------------------+-----
Spellcasting   | 4 5 6 7 8 9 10 11 | 11.7
Fighting       | 2 3 4 5 7 8 9 11 12 13 | 13.3
Dodging        | 3 4 5 7 9 10 11 12 13 14 | 14.1
Invocations    | 1 2 3 4 5 6 7 8 9 |  9.5
Evocations     | 1 2 3 4 5 7 9 10 11 | 11.8
Maces & Flails | 1 2 3 4 5 6 7 |  7.9
Armour         | 2 3 4 |  4.0
Shields        | 3 4 |  4.0
Staves         | |  0.1
Stealth        | |  1.5

Action                   |  1- 3 |  4- 6 |  7- 9 | 10-12 | 13-15 | 16-18 || total
-------------------------+-------+-------+-------+-------+-------+-------++-------
Melee: Dagger            |    21 |       |       |       |       |       ||    21
       Unarmed           |     1 |       |       |       |       |       ||     1
       Quarterstaff      |    12 |    12 |       |       |       |       ||    24
       Flail             |       |    10 |    73 |   133 |   163 |    12 ||   391
 Cast: Freeze            |    24 |     5 |    14 |     5 |       |       ||    48
       Frozen Ramparts   |     6 |    24 |    24 |    48 |    60 |     4 ||   166
       Ozocubu's Armour  |       |     8 |    24 |    40 |    34 |     3 ||   109
       Shock             |       |    27 |     1 |    22 |     9 |       ||    59
       Hailstorm         |       |       |    23 |    69 |    80 |     2 ||   174
       Lee's Rapid Decon |       |       |       |    47 |   152 |    37 ||   236
       Summon Ice Beast  |       |       |       |       |     2 |       ||     2
       Fireball          |       |       |       |       |   111 |    32 ||   143
       Conjure Ball Ligh |       |       |       |       |     4 |     4 ||     8
       Mephitic Cloud    |       |       |       |       |     2 |       ||     2
Evoke: Lightning rod     |       |       |       |       |     4 |       ||     4
       Wand              |       |       |       |       |     7 |       ||     7
  Use: Potion            |       |       |     1 |       |     1 |       ||     2
       Scroll            |       |       |    12 |     9 |     4 |     3 ||    28
 Stab: Sleeping          |     4 |       |       |       |       |       ||     4
       Confused          |       |       |       |       |     1 |       ||     1
Armor: Robe              |     6 |    11 |    13 |    56 |    58 |     2 ||   146
       Swamp dragon scal |       |       |    47 |    12 |       |       ||    59
Dodge: Dodged            |    35 |    20 |    81 |   194 |   207 |     7 ||   544
Block: Buckler           |       |       |       |       |    39 |     4 ||    43
